 Dungeon Crawl Stone Soup version 0.22.1-1-ga44c0e56f4 (webtiles) character file.

180 Ihlosi the Skirmisher (level 5, 0/57 HPs)
             Began as an Ogre Fighter on Oct 29, 2018.
             Succumbed to an adder's poison
             ... on level 3 of the Dungeon.
             The game lasted 00:09:01 (3286 turns).

Ihlosi the Skirmisher (Ogre Fighter)                Turns: 3286, Time: 00:09:02

Health: 0/57       AC:  3    Str: 20    XL:     5   Next: 60%
Magic:  5/5        EV: 14    Int: 16    God:
Gold:   99         SH:  9    Dex: 14    Spells: 4/4 levels left

rFire    . . .     SeeInvis .   h - -1 dagger (curse)
rCold    . . .     Gourm    .   c - +0 shield
rNeg     . . .     Faith    .   b - +0 robe
rPois    .         Spirit   .   (helmet restricted)
rElec    .         Reflect  .   (no cloak)
rCorr    .         Harm     .   (gloves unavailable)
MR       .....                  (boots unavailable)
Stlth    ++........             (no amulet)
HPRegen  0.19/turn              k - +2 ring of intelligence
MPRegen  0.09/turn              (no ring)

@: brilliant, agile, lethally poisoned (0 -> -4)
A: large, unfitting armour, tough skin 1
a: no special abilities


You were on level 3 of the Dungeon.
You were not hungry.

You visited 1 branch of the dungeon, and saw 3 of its levels.

You collected 99 gold pieces.

Inventory:

Hand Weapons
 a - a +0 flail
 h - a cursed -1 dagger (weapon)
 o - a +4 dagger
 r - a +0 falchion of protection
Armour
 b - a +0 robe (worn)
 c - a +0 shield (worn)
Jewellery
 k - a +2 ring of intelligence (left hand)
 m - an uncursed ring of fire
Wands
 d - a wand of enslavement (11)
Scrolls
 g - a scroll of amnesia
Potions
 j - a potion of agility
 p - a potion of mutation {unknown}
Comestibles
 f - 6 rations
 i - 2 chunks of flesh


   Skills:
 + Level 5.5 Fighting
 + Level 3.7 Maces & Flails
 * Level 0.6 Armour
 - Level 3.0 Dodging
 - Level 3.0 Shields


You had 4 spell levels left.
You didn't know any spells.
Your spell library was empty.

Dungeon Overview and Level Annotations

Branches:
Dungeon (3/15)

Altars:

Annotations:
D:3 Robin


Innate Abilities, Weirdness & Mutations

You are too large for most types of armour.
You have tough skin. (AC +1)


Message History

* * * LOW HITPOINT WARNING * * *
You hit the adder.
The adder is almost dead.
The adder bites you.
* * * LOW HITPOINT WARNING * * *
You hit the adder.
You kill the adder!
* * * LOW HITPOINT WARNING * * *
You feel sick.
* * * LOW HITPOINT WARNING * * *
You feel sick.
* * * LOW HITPOINT WARNING * * *
You feel sick.
It was a potion of agility.
You feel agile all of a sudden.
* * * LOW HITPOINT WARNING * * *
You feel sick.
It was a potion of brilliance.
You feel clever all of a sudden.
You die...

# # # #
#.############
#............#
############.#
..........#)#
#.........@.#
#
#.........###
# #.........#
#.........#
#.........#
#.........#
#.........#
#..########
#..


There were no monsters in sight!

Vanquished Creatures
  2 orc wizards
  5 adders
  2 worms (D:2)
  4 leopard geckos
  4 orcs
  A giant cockroach (D:2)
  10 goblins
  8 hobgoblins
  7 jackals
  A ball python (D:2)
  6 bats
  8 frilled lizards
  5 kobolds
  4 rats
67 creatures vanquished.

Vanquished Creatures (collateral kills)
  A goblin (D:3)
1 creature vanquished.

Vanquished Creatures (others)
  An orc (D:3)
1 creature vanquished.

Grand Total: 69 creatures vanquished

Notes
Turn   | Place    | Note
-------+----------+-------------------------------------------
     0 | D:1      | Ihlosi the Ogre Fighter began the quest for the Orb.
     0 | D:1      | Reached XP level 1. HP: 24/24 MP: 1/1
   293 | D:1      | Reached XP level 2. HP: 32/33 MP: 2/2
   725 | D:1      | Reached skill level 5 in Fighting
   725 | D:1      | Reached XP level 3. HP: 31/42 MP: 3/3
  1566 | D:2      | Reached XP level 4. HP: 31/50 MP: 4/4
  2259 | D:2      | Reached XP level 5. HP: 31/57 MP: 5/5
  3190 | D:3      | Noticed Robin
  3282 | D:3      | HP: 2/57 [poisoned by an adder]
  3286 | D:3      | Succumbed to an adder's poison

Skill      XL: |  1  2  3  4 |
---------------+-------------+-----
Maces & Flails | 2 3 |  3.7
Fighting       | 5 |  5.5
Dodging        | 3 |  3.0
Shields        | 3 |  3.0
Armour         | |  0.6

Action                   |  1- 3 |  4- 6 || total
-------------------------+-------+-------++-------
Melee: Flail             |   176 |   127 ||   303
       Dagger            |       |    41 ||    41
Evoke: Wand              |       |     3 ||     3
  Use: Potion            |       |     4 ||     4
       Scroll            |       |     6 ||     6
  Eat: Chunk             |     2 |     6 ||     8
Armor: Robe              |    38 |    35 ||    73
Dodge: Dodged            |    63 |    55 ||   118
Block: Shield            |    82 |    72 ||   154
